Map: Eternal Empire LE

Players

LiquidClem (Clem) - Winner!

  • Race: Terran Terran
  • League: Grandmaster
  • Spawn Location: 7:00

PtitDrogo

  • Race: Protoss Protoss
  • Spawn Location: 1:00

Event: DreamHack SC2 Masters 2020 Fall

VOD

Have the link to the VOD?

Description

Time

  • Played on: Sept. 11, 2020, 3:52 p.m.
  • Length: 12:48

All games in this series

Show
View Real Time Build Order
Export as new Build Order

LiquidClem Terran - Winner!

Build Orders: Reaper Expand 

Get SALT Encoding   

  12  0:00  SCV  
  13  0:12  SCV  
  14  0:17  Supply Depot  
  14  0:24  SCV  
  15  0:38  SCV  
  15  0:40  Barracks  
  16  0:43  Refinery  
  16  0:50  SCV  
  17  1:02  SCV  
  18  1:15  SCV  
  19  1:27  Orbital Command  
  19  1:28  Reaper  
  20  1:45  Command Center  
  20  1:53  SCV  
  21  1:55  Supply Depot  
  21  1:59  Marine  
  22  2:05  SCV  
  23  2:09  Factory  
  23  2:17  SCV, Marine  
  23  2:22  Bunker  
  26  2:30  SCV  
  26  2:34  Refinery  
  26  2:36  Barracks Reactor  
  26  2:42  SCV  
  27  2:54  SCV  
  27  2:55  Hellion  
  27  2:57  Orbital Command  
  30  3:03  Starport  
  30  3:06  SCV  
  31  3:13  Marine x2  
  31  3:16  Widow Mine  
  31  3:18  SCV  
  36  3:23  SCV  
  36  3:27  Supply Depot  
  36  3:30  SCV  
  36  3:33  Marine x2  
  39  3:35  SCV  
  39  3:37  Widow Mine  
  42  3:42  SCV  
  42  3:44  Medivac  
  45  3:49  SCV  
  45  3:50  Supply Depot, Marine x2  
  45  3:54  SCV  
  49  4:00  Widow Mine  
  49  4:02  Supply Depot  
  51  4:03  SCV  
  51  4:06  SCV  
  51  4:09  Barracks  
  53  4:14  Medivac, Barracks  
  55  4:20  SCV x2  
  55  4:21  Widow Mine  
  55  4:23  Marine x2  
  61  4:26  Refinery  
  61  4:29  Supply Depot  
  61  4:32  Engineering Bay  
  61  4:35  SCV  
  61  4:37  SCV  
  63  4:43  Marine x2  
  65  4:48  SCV  
  65  4:49  SCV  
  65  4:52  Starport Tech Lab, Factory Tech Lab  
  67  4:56  Marine  
  68  5:00  SCV, Marine  
  68  5:01  SCV, Marine  
  68  5:09  Marine  
  68  5:12  SCV  
  68  5:13  SCV  
  68  5:14  Marine  
  57  5:24  SCV  
  57  5:26  SCV  
  57  5:27  Terran Infantry Weapons Level 1  
  59  5:29  Stimpack, Starport Reactor, Marine  
  59  5:30  Marine x2  
  59  5:33  Factory Reactor, Supply Depot  
  62  5:36  SCV  
  62  5:38  SCV  
  62  5:40  Supply Depot  
  62  5:41  Supply Depot  
  62  5:42  Combat Shield, Refinery  
  64  5:47  Marauder  
  64  5:48  SCV  
  67  5:51  SCV  
  67  5:54  Marauder  
  67  5:56  Widow Mine, Barracks Reactor  
  72  5:59  Widow Mine  
  72  6:00  SCV  
  72  6:03  SCV  
  76  6:04  Supply Depot  
  76  6:08  Marauder  
  78  6:12  SCV  
  78  6:13  Supply Depot  
  78  6:15  SCV  
  78  6:16  Marauder  
  82  6:22  Medivac  
  82  6:24  SCV  
  85  6:26  Command Center, Widow Mine  
  85  6:30  Supply Depot  
  85  6:31  SCV  
  88  6:34  Medivac  
  88  6:36  SCV  
  93  6:40  Widow Mine, Marine  
  93  6:41  Marine  
  93  6:44  Missile Turret  
  93  6:46  Marauder  
  97  6:47  Widow Mine  
  97  6:50  Marauder  
  97  6:51  SCV  
  97  6:53  SCV  
  103  6:57  Medivac  
  105  7:04  Widow Mine  
  105  7:08  Marauder  
  106  7:09  Widow Mine, Marine x2  
  106  7:11  Marauder  
  106  7:13  Medivac  
  106  7:15  Supply Depot  
  111  7:17  Barracks  
  111  7:22  Barracks  
  107  7:23  SCV x2  
  107  7:27  Widow Mine  
  107  7:29  Medivac  
  110  7:30  Widow Mine  
  110  7:32  Marine x2  
  110  7:35  SCV  
  109  7:42  Marauder  
  109  7:43  Medivac, SCV  
  103  7:47  SCV  
  103  7:48  Widow Mine  
  103  7:53  Marauder  
  103  7:55  SCV  
  103  7:56  Marine x2  
  108  7:58  Medivac  
  108  7:59  SCV  
  101  8:05  Widow Mine  
  101  8:07  Barracks Tech Lab  
  101  8:09  Marauder  
  101  8:10  SCV  
  101  8:12  Barracks Reactor  
  101  8:13  Orbital Command  
  101  8:15  Terran Infantry Armor Level 1, Marauder, Marine x2  
  101  8:18  Widow Mine  
  106  8:20  SCV  
  106  8:22  SCV  
  106  8:26  Marauder  
  110  8:29  Widow Mine  
  110  8:32  Viking, SCV  
  110  8:33  Marauder, Marine x2  
  119  8:36  Marauder, SCV  
  119  8:41  SCV  
  123  8:44  SCV  
  123  8:46  Ghost Academy  
  123  8:48  SCV, Marauder  
  126  8:49  Supply Depot  
  126  8:50  Marine  
  126  8:51  Marine  
  126  8:53  Widow Mine x2  
  126  8:54  Marauder  
  126  8:55  SCV  
  136  8:58  Marine x2  
  136  9:00  Marauder  
  136  9:02  SCV  
  141  9:09  Marauder, Marine x2  
  144  9:14  SCV x2  
  144  9:15  Widow Mine  
  144  9:16  Marauder  
  140  9:17  Marine  
  140  9:21  Marauder  
  142  9:26  Command Center  
  142  9:28  Supply Depot  
  142  9:29  SCV  
  142  9:30  Marauder  
  145  9:33  Armory, Marine x2  
  145  9:34  Engineering Bay  
  145  9:37  Marauder  
  145  9:38  Marine x2  
  149  9:42  Marauder  
  149  9:44  Supply Depot  
  140  9:53  Marauder  
  140  9:57  Marine x2  
  140  9:58  Marine x2  
  140  9:59  Marauder  
  148  10:02  Widow Mine x2  
  148  10:04  Marauder  
  150  10:07  Refinery  
  150  10:08  Supply Depot  
  150  10:09  Refinery  
  150  10:14  Missile Turret, Marauder  
  150  10:15  Missile Turret  
  150  10:16  Marine  
  150  10:17  Marine  
  150  10:20  Marauder, Marine x2  
  158  10:25  Terran Infantry Weapons Level 2  
  158  10:26  Terran Infantry Armor Level 2  
  158  10:33  Concussive Shells  
  158  10:34  Marine x2  
  151  10:36  Marauder  
  151  10:39  Marine x3  
  151  10:42  Viking x2  
  151  10:51  Starport  
  151  10:54  SCV x3  
  151  10:55  Marine  
  151  10:56  Ghost, Marine  
  156  11:00  Unknown  
  156  11:01  Ghost  
  160  11:06  SCV  
  160  11:07  Marine x3  
  160  11:08  Missile Turret  
  160  11:10  SCV  
  165  11:12  Planetary Fortress  
  165  11:14  Marine  
  165  11:18  Viking  
  162  11:20  Viking  
  163  11:26  Marine  
  163  11:27  Ghost  
  163  11:31  Viking  
  168  11:34  Viking  
  168  11:35  SCV x2  
  168  11:38  Marine x2  
  174  11:40  Ghost  
  174  11:46  Ghost  
  178  11:47  Marine x2  
  178  11:49  SCV x2  
  178  11:50  SCV  
  178  11:53  Viking  
  185  11:56  Viking  
  185  12:02  Ghost  
  184  12:11  Marine  
  184  12:12  Marine  
  177  12:17  Marauder  
  177  12:18  Viking  
  159  12:22  Marine  
  159  12:25  Marine  
  159  12:27  Marauder  
  152  12:33  Command Center  
Show
View Real Time Build Order
Export as new Build Order

PtitDrogo Protoss 

Build Orders: 1 Gate Expand, Chargelot Immortal 

Get SALT Encoding   

  12  0:00  Probe  
  13  0:12  Probe  
  14  0:17  Pylon  
  14  0:24  Probe (Chrono Boost)  
  15  0:35  Gateway  
  15  0:38  Probe (Chrono Boost)  
  16  0:46  Probe (Chrono Boost)  
  16  0:47  Assimilator  
  17  0:52  Probe  
  18  1:04  Probe  
  19  1:16  Probe  
  20  1:22  Cybernetics Core  
  20  1:32  Nexus  
  20  1:39  Pylon  
  20  1:42  Probe  
  21  1:48  Assimilator  
  21  1:54  Probe  
  22  1:55  Adept (Chrono Boost)  
  22  1:59  Warp Gate  
  24  2:06  Probe  
  25  2:16  Stalker (Chrono Boost)  
  25  2:18  Probe  
  28  2:30  Probe  
  29  2:39  Twilight Council  
  30  2:44  Probe (Chrono Boost)  
  30  2:47  Probe (Chrono Boost)  
  31  2:54  Probe (Chrono Boost)  
  31  2:56  Probe (Chrono Boost)  
  33  2:59  Probe (Chrono Boost)  
  33  3:01  Robotics Facility  
  34  3:06  Probe  
  34  3:10  Gateway  
  34  3:11  Probe  
  36  3:15  Gateway  
  36  3:18  Probe  
  37  3:24  Probe  
  37  3:25  Charge (Chrono Boost)  
  37  3:33  Pylon  
  37  3:34  Probe  
  37  3:36  Probe  
  39  3:46  Probe  
  40  3:51  Gateway  
  40  3:53  Gateway x2  
  40  3:57  Warp Prism (Chrono Boost)  
  40  4:01  Probe  
  43  4:03  Probe  
  44  4:10  Zealot x2  
  44  4:13  Zealot  
  50  4:17  Pylon  
  50  4:18  Probe  
  51  4:34  Pylon  
  51  4:36  Nexus  
  51  4:47  Observer  
  52  4:56  Zealot x6  
  64  5:04  Probe x2  
  50  5:16  Stalker, Probe x2 (Chrono Boost)  
  50  5:17  Stalker  
  44  5:21  Stalker x2  
  50  5:28  Probe x2 (Chrono Boost)  
  50  5:34  Probe x2 (Chrono Boost)  
  52  5:39  Blink  
  52  5:44  Probe (Chrono Boost)  
  52  5:45  Probe (Chrono Boost)  
  52  5:46  Observer (Chrono Boost)  
  52  5:47  Sentry x2  
  52  5:49  Probe (Chrono Boost)  
  62  6:00  Probe x3 (Chrono Boost)  
  62  6:04  Immortal (Chrono Boost)  
  63  6:05  Probe (Chrono Boost)  
  63  6:09  Probe (Chrono Boost)  
  63  6:10  Probe (Chrono Boost)  
  70  6:12  Forge  
  70  6:16  Probe (Chrono Boost)  
  71  6:20  Shield Battery  
  71  6:23  Probe x2 (Chrono Boost)  
  71  6:24  Probe (Chrono Boost)  
  74  6:31  Probe x2  
  76  6:33  Probe  
  76  6:38  Zealot x2  
  81  6:40  Immortal (Chrono Boost), Pylon  
  81  6:42  Protoss Ground Weapons Level 1 (Chrono Boost)  
  85  6:51  Pylon x2  
  85  6:58  Probe  
  85  6:59  Probe  
  84  7:15  Zealot x4  
  84  7:23  Immortal (Chrono Boost)  
  84  7:25  Zealot x2  
  92  7:36  Zealot x3, Stalker  
  77  7:45  Stalker  
  77  7:48  Zealot  
  77  7:50  Probe (Chrono Boost)  
  76  7:53  Assimilator, Probe (Chrono Boost)  
  76  7:54  Assimilator, Probe (Chrono Boost)  
  76  7:57  Assimilator x2  
  76  8:02  Probe (Chrono Boost)  
  76  8:03  Observer  
  71  8:07  Probe (Chrono Boost)  
  71  8:11  Zealot x2, Stalker x4  
  82  8:14  Probe (Chrono Boost)  
  82  8:19  Photon Cannon, Probe (Chrono Boost)  
  85  8:24  Probe (Chrono Boost)  
  85  8:26  Observer, Probe (Chrono Boost)  
  86  8:30  Immortal (Chrono Boost)  
  86  8:32  Probe (Chrono Boost)  
  91  8:34  Probe  
  91  8:36  Robotics Bay  
  91  8:39  Zealot x4  
  91  8:40  Forge  
  91  8:41  Pylon  
  100  8:43  Pylon  
  100  8:55  Pylon  
  100  8:58  Pylon  
  100  9:00  Pylon  
  100  9:02  Stalker x3  
  96  9:15  Probe x2  
  96  9:19  Probe  
  96  9:20  Zealot x3  
  96  9:21  Protoss Ground Armor Level 1 (Chrono Boost)  
  101  9:27  Zealot x2  
  105  9:37  Colossus (Chrono Boost)  
  105  9:39  Stalker  
  105  9:42  Stalker x2  
  117  9:51  Stalker x2  
  111  9:55  Zealot  
  109  10:17  Protoss Ground Weapons Level 2 (Chrono Boost), Pylon  
  109  10:20  Probe, Colossus (Chrono Boost)  
  109  10:21  Probe  
  117  10:26  Pylon  
  117  10:30  Zealot x2  
  117  10:34  Zealot x4  
  116  10:44  Observer  
  113  10:50  Robotics Facility  
  113  11:00  Observer (Chrono Boost), Gateway  
  113  11:01  Templar Archives  
  113  11:03  Gateway  
  113  11:11  Stalker x4  
  113  11:12  Stalker x2  
  123  11:24  Colossus (Chrono Boost)  
  123  11:36  Pylon  
  123  11:39  Zealot  
  128  11:40  Disruptor (Chrono Boost)  
  128  11:42  Zealot, High Templar x2  
  128  11:43  Zealot  
  128  11:46  Archon  
  136  11:48  Pylon  
  136  11:54  Zealot x2  
  137  12:04  Zealot x2  
  116  12:18  Zealot x6  
  81  12:36  Stalker x2  

Tags
 
Add a new tag
Caveats
  • Supply blocks, unpowered buildings, or Contaminate may cause inaccurate times.
  • Supply counts are checked every 10 seconds.